 Dungeon Crawl Stone Soup version 0.23.2-1-ga50397a (webtiles) character file.

Game seed: 17624048036421514317

9370 schauveau the Cleaver (level 11, -7/72 HPs)
             Began as a Gargoyle Berserker on May 3, 2019.
             Was a High Priest of Trog.
             Mangled by a two-headed ogre
             ... wielding a +0 giant club
              (11 damage)
             ... on level 10 of the Dungeon.
             The game lasted 00:18:32 (9429 turns).

schauveau the Cleaver (Gargoyle Berserker)          Turns: 9429, Time: 00:18:33

Health: -7/72      AC: 26    Str: 24    XL:     11   Next: 45%
Magic:  11/11      EV:  8    Int:  8    God:    Trog [*****.]
Gold:   672        SH:  0    Dex: 11    Spells: 10/10 levels left

rFire    . . .     SeeInvis .   a - +1 battleaxe (holy)
rCold    . . .     Gourm    .   (shield currently unavailable)
rNeg     + . .     Faith    .   o - +0 plate armour
rPois    ∞         Spirit   .   (helmet restricted)
rElec    +         Reflect  .   k - +0 cloak
rCorr    .         Harm     .   C - +0 pair of gloves
MR       .....                  z - +0 pair of boots
Stlth    ..........             (no amulet)
HPRegen  0.22/turn              (no ring)
MPRegen  0.12/turn              (no ring)

@: no status effects
A: horns 1, agile 1, negative energy resistance 1, electricity resistance, wild
magic 1, unbreathing, petrification resistance, rot immunity, AC +8
a: Berserk, Trog's Hand, Brothers in Arms, Renounce Religion


You were on level 10 of the Dungeon.
You worshipped Trog.
Trog was extremely pleased with you.
You were not hungry.

You visited 1 branch of the dungeon, and saw 11 of its levels.

You collected 672 gold pieces.

Inventory:

Hand Weapons
 a - a +1 battleaxe of holy wrath (weapon)
 b - a +0 flail
 x - a +0 shortbow
 F - a +0 hand axe
Missiles
 i - 3 javelins
 j - 70 bolts
 l - 10 tomahawks (quivered)
 n - 19 poisoned needles
 y - 115 arrows
Armour
 k - a +0 cloak (worn)
 o - a +0 plate armour (worn)
 r - a +2 helmet
 z - a +0 pair of boots (worn)
 C - a +0 pair of gloves (worn)
 G - the cursed +0 helmet of Lifoir {-Cast rF+ Regen+ Dex+2, unknown}
   (You found it on level 9 of the Dungeon)

   It affects your dexterity (+2).
   It protects you from fire.
   It prevents spellcasting.
   It increases your rate of regeneration.
   It has a curse placed upon it.
Jewellery
 I - an uncursed ring of ice
Wands
 p - a wand of flame (26)
 B - a wand of random effects (16)
 E - a wand of acid (20)
Scrolls
 d - 3 scrolls of teleportation
 f - a scroll of immolation {unknown}
 g - a scroll of brand weapon {unknown}
 h - 4 scrolls of remove curse
 m - a scroll of noise {unknown}
 q - 2 scrolls of magic mapping
 s - 2 scrolls of fog
 w - 2 scrolls of enchant weapon {unknown}
 A - 2 scrolls of blinking
Potions
 e - 4 potions of curing
 t - 2 potions of agility
 u - 5 potions of heal wounds
 v - 2 potions of haste
 D - a potion of magic
Comestibles
 c - 18 rations
 H - 15 chunks of flesh


   Skills:
 + Level 10.2 Fighting
 * Level 11.6 Axes
 + Level 9.9 Armour
 - Level 1.5 Dodging


You had 10 spell levels left.
You didn't know any spells.
Your spell library was empty.

Dungeon Overview and Level Annotations

Branches:
Dungeon (11/15)            Temple (0/1) D:4
   Lair: D:8-11         Orc: D:9-12

Altars:
Wu Jian

Shops:
D:6 (   D:8 [   D:9 =

Annotations:
D:10 exclusion: orange crystal statue


Innate Abilities, Weirdness & Mutations

You are resistant to torment.
Your stone body is resilient. (AC +8)
You are immune to poison.
You resist negative energy. (rN+)
You are resistant to electric shocks. (rElec)
You can survive without breathing.
You are immune to petrification.
You are immune to rotting.
You have a pair of small horns on your head.
You are agile. (Dex +2)
Your spells are a little harder to cast, but a little more powerful.


Message History

You headbutt the two-headed ogre.
The two-headed ogre is severely wounded.
The two-headed ogre hits you with a +0 giant club!
The two-headed ogre hits you but does no damage.
You completely miss the two-headed ogre.
You headbutt the two-headed ogre!
The two-headed ogre is severely wounded.
The two-headed ogre barely misses you. x2
Your plate armour prevents you from hitting the two-headed ogre.
The two-headed ogre is severely wounded.
The two-headed ogre hits you with a +0 giant club!
* * * LOW HITPOINT WARNING * * *
The two-headed ogre hits you but does no damage.
You hit the two-headed ogre but do no damage.
You headbutt the two-headed ogre.
The two-headed ogre is almost dead.
The two-headed ogre hits you with a +0 giant club.
* * * LOW HITPOINT WARNING * * *
The two-headed ogre hits you with a cursed -3 giant club!
You die...

###..........# #.#
.............#.#
#.######
.............#.#
#.#(...#
.............#.#
#.#.#.##
.............#.#
#.#.#.#
###..........#.#
#.#.#.#
.......##.#.##.# #
#.#.#<#
.......##.#.##T###.#
#.#.###
..........≈..:5O@..#
#.#.#
.......#..##########
#...# .......#..#
##### #.######.O#
#.# #..# #.# #.Y#
#.## #..# ...# #...
÷..# #....


You could see a two-headed ogre, a troll and a shadow imp.

Vanquished Creatures
  Fannar (D:10)
  A two-headed ogre (D:10)
  Pikel (D:5)
  A queen bee (D:8)
  A troll (D:9)
  Prince Ribbit (D:6)
  2 hippogriffs
  Sigmund (D:5)
  5 yaks (D:10)
  A hungry ghost (D:7)
  3 vampire mosquitoes (D:8)
  A water moccasin (D:5)
  4 slaves
  3 phantoms
  5 sky beasts
  4 ice beasts
  A black bear (D:9)
  2 orc warriors
  2 necrophages
  4 ogres
  3 centaurs
  7 bullfrogs
  A scorpion (D:9)
  13 killer bees (D:8)
  4 howler monkeys
  2 crimson imps
  2 quasits
  A centaur zombie (D:7)
  5 hounds
  3 jellies
  3 orc priests (D:8)
  3 bullfrog skeletons
  2 centaur skeletons
  8 orc wizards
  Crazy Yiuf (D:2)
  4 iguanas
  Terence (D:2)
  9 worker ants
  Robin (D:2)
  3 gnolls (D:3)
  17 adders
  A howler monkey skeleton (D:5)
  3 shadow imps
  2 oozes (D:3)
  9 worms
  4 dart slugs
  3 leopard geckos
  17 orcs
  4 ball pythons
  3 giant cockroaches
  15 goblins
  16 hobgoblins
  12 jackals
  7 quokkas
  10 bats
  6 frilled lizards
  2 jackal skeletons (D:5)
  10 kobolds
  3 leopard gecko skeletons
  A quokka zombie (D:6)
  6 rats
  A fungus (D:2)
272 creatures vanquished.

Notes
Turn   | Place    | Note
-------+----------+-------------------------------------------
     0 | D:1      | schauveau the Gargoyle Berserker began the quest for the
                  | Orb.
     0 | D:1      | Reached XP level 1. HP: 14/14 MP: 1/1
   199 | D:1      | Reached XP level 2. HP: 16/19 MP: 2/2
   382 | D:1      | Reached skill level 3 in Axes
   850 | D:2      | Noticed Terence
   860 | D:2      | Reached XP level 3. HP: 23/23 MP: 3/3
   862 | D:2      | Killed Terence
   939 | D:2      | Reached XP level 4. HP: 19/29 MP: 4/4
  1021 | D:2      | Reached ** piety under Trog
  1159 | D:2      | Found a runed translucent door.
  1160 | D:2      | Noticed Crazy Yiuf
  1172 | D:2      | Killed Crazy Yiuf
  1224 | D:2      | Noticed a sky beast
  1248 | D:2      | Killed a sky beast
  1248 | D:2      | Reached skill level 4 in Axes
  1248 | D:2      | Reached XP level 5. HP: 23/34 MP: 5/5
  1393 | D:2      | Reached XP level 6. HP: 36/39 MP: 6/6
  1433 | D:2      | Noticed Robin
  1442 | D:2      | Killed Robin
  1768 | D:3      | Reached *** piety under Trog
  1852 | D:3      | Noticed an ice beast
  1873 | D:3      | Killed an ice beast
  1873 | D:3      | Reached skill level 5 in Axes
  1974 | D:3      | Reached skill level 5 in Fighting
  2121 | D:3      | Reached XP level 7. HP: 40/44 MP: 7/7
  2830 | D:4      | Found a staircase to the Ecumenical Temple.
  3146 | D:4      | Reached **** piety under Trog
  3171 | D:5      | Entered Level 5 of the Dungeon
  3523 | D:5      | Reached skill level 6 in Axes
  3523 | D:5      | Reached skill level 5 in Armour
  3662 | D:5      | Reached XP level 8. HP: 51/51 MP: 8/8
  3892 | D:5      | Noticed Sigmund
  3900 | D:5      | Killed Sigmund
  4060 | D:5      | Reached skill level 7 in Axes
  4174 | D:5      | Found an ornate altar of the Wu Jian Council.
  4505 | D:5      | Reached XP level 9. HP: 34/57 MP: 9/9
  4840 | D:5      | Reached skill level 8 in Axes
  4871 | D:6      | Noticed Prince Ribbit
  4981 | D:6      | Killed Prince Ribbit
  5044 | D:6      | Gained mutation: You are robust. (+10% HP) [potion of
                  | mutation]
  5044 | D:6      | Gained mutation: You have supernaturally acute eyesight.
                  | (SInv) [potion of mutation]
  5044 | D:6      | Gained mutation: You evolve. [potion of mutation]
  5165 | D:6      | Found Nustunk's Weapon Boutique.
  5242 | D:6      | Noticed Pikel
  5503 | D:5      | Killed Pikel
  5625 | D:6      | Reached skill level 9 in Axes
  5730 | D:6      | Gained mutation: Your spells are a little harder to cast,
                  | but a little more powerful. [evolution]
  6074 | D:7      | Lost mutation: You are robust. (+10% HP) [potion of
                  | mutation]
  6074 | D:7      | Lost mutation: You have supernaturally acute eyesight.
                  | (SInv) [potion of mutation]
  6074 | D:7      | Gained mutation: Armour fits poorly on your strangely
                  | shaped body. [potion of mutation]
  6074 | D:7      | Gained mutation: Your flesh is heat resistant. (rF+)
                  | [potion of mutation]
  6099 | D:7      | Reached XP level 10. HP: 41/64 MP: 10/10
  6696 | D:8      | Lost mutation: Your spells are a little harder to cast, but
                  | a little more powerful. [potion of mutation]
  6696 | D:8      | Lost mutation: Your flesh is heat resistant. (rF+) [potion
                  | of mutation]
  6696 | D:8      | Lost mutation: You evolve. [potion of mutation]
  6696 | D:8      | Gained mutation: You expend magic power (3 MP) to
                  | strengthen your wands. [potion of mutation]
  6696 | D:8      | Gained mutation: You are surrounded by a mild repulsion
                  | field. (EV +2) [potion of mutation]
  6696 | D:8      | Gained mutation: Your spells are a little harder to cast,
                  | but a little more powerful. [potion of mutation]
  6697 | D:8      | Lost mutation: Armour fits poorly on your strangely shaped
                  | body. [potion of mutation]
  6697 | D:8      | Lost mutation: You expend magic power (3 MP) to strengthen
                  | your wands. [potion of mutation]
  6697 | D:8      | Lost mutation: You are surrounded by a mild repulsion
                  | field. (EV +2) [potion of mutation]
  6697 | D:8      | Gained mutation: You are agile. (Dex +2) [potion of
                  | mutation]
  6697 | D:8      | Gained mutation: You have a pair of small horns on your
                  | head. [potion of mutation]
  6714 | D:8      | Reached ***** piety under Trog
  6746 | D:8      | Reached skill level 10 in Axes
  7141 | D:8      | Found Bashroupt's Armour Emporium.
  7848 | D:9      | Found Liedo's Jewellery Shoppe.
  8095 | D:9      | Got a shimmering helmet
  8144 | D:10     | Entered Level 10 of the Dungeon
  8336 | D:9      | Received a gift from Trog
  8767 | D:9      | Reached XP level 11. HP: 71/71 MP: 11/11
  8807 | D:10     | Noticed an orange crystal statue
  8841 | D:10     | Noticed Fannar
  8869 | D:10     | Killed Fannar
  8869 | D:10     | Reached skill level 11 in Axes
  9169 | D:10     | Noticed a two-headed ogre
  9188 | D:10     | Killed a two-headed ogre
  9188 | D:10     | Reached skill level 10 in Fighting
  9389 | D:10     | Noticed a two-headed ogre
  9429 | D:10     | Mangled by a two-headed ogre

Skill      XL: |  1  2  3  4  5  6  7  8  9 10 11 |
---------------+----------------------------------+-----
Axes           | 3 4 5 6 7 9 10 11 | 11.6
Armour         | 3 4 5 6 7 9 |  9.9
Fighting       | 4 5 7 8 9 10 | 10.2
Dodging        | |  1.5

Action                   |  1- 3 |  4- 6 |  7- 9 | 10-12 || total
-------------------------+-------+-------+-------+-------++-------
Melee: Hand axe          |    93 |   259 |   697 |   345 ||  1394
       Headbutt          |       |       |       |    83 ||    83
       Battleaxe         |       |       |       |   170 ||   170
Throw: Tomahawk          |       |       |     4 |       ||     4
Invok: Berserk           |     1 |     2 |     4 |     3 ||    10
  Use: Potion            |       |       |     4 |     2 ||     6
       Scroll            |       |       |    10 |     2 ||    12
  Eat: Chunk             |     1 |     7 |    14 |     7 ||    29
       Ration            |       |       |     1 |     4 ||     5
Armor: Animal skin       |    17 |       |       |       ||    17
       Scale mail        |     8 |       |       |       ||     8
       Chain mail        |    12 |   180 |   447 |    46 ||   685
       Plate armour      |       |       |       |   340 ||   340
Dodge: Dodged            |    67 |   110 |   273 |   181 ||   631
